 Dungeon Crawl Stone Soup version 0.22.1-2-g9c5b331 (webtiles) character file.

181 delarado the Firebug (level 5, -4/28 HPs)
             Began as a Deep Elf Fire Elementalist on Jan 6, 2019.
             Slain by a bullfrog (9 damage)
             ... on level 6 of the Dungeon.
             The game lasted 00:08:42 (2882 turns).

delarado the Firebug (Deep Elf Fire Elementalist)   Turns: 2882, Time: 00:08:42

Health: -4/28      AC:  3    Str:  5    XL:     5   Next: 34%
Magic:  10/11      EV: 13    Int: 21    God:
Gold:   43         SH:  0    Dex: 15    Spells: 6/10 levels left

rFire    . . .     SeeInvis .   i - +1 dagger (pain)
rCold    . . .     Gourm    .   (no shield)
rNeg     . . .     Faith    .   a - +1 robe
rPois    .         Spirit   .   (no helmet)
rElec    .         Reflect  .   (no cloak)
rCorr    .         Harm     .   (no gloves)
MR       .....                  (no boots)
Stlth    ++........             (no amulet)
HPRegen  0.09/turn              (no ring)
MPRegen  0.12/turn              (no ring)

@: no status effects
A: no striking features
a: no special abilities


You were on level 6 of the Dungeon.
You were not hungry.

You visited 1 branch of the dungeon, and saw 4 of its levels.

You collected 43 gold pieces.

Inventory:

Hand Weapons
 b - a +0 club
 i - a +1 dagger of pain (weapon)
Missiles
 j - 50 stones
 o - 17 sling bullets
 q - a tomahawk of returning (quivered)
Armour
 a - a +1 robe (worn)
Scrolls
 f - a scroll of fear {unknown}
 g - a scroll of identify
 l - 3 scrolls of enchant armour
 p - a scroll of amnesia {unknown}
Potions
 k - a potion of resistance
 n - a potion of agility
Comestibles
 c - 4 rations
 d - 2 chunks of flesh


   Skills:
 - Level 2.4 Dodging
 - Level 2.4 Stealth
 - Level 3.0 Spellcasting
 + Level 4.1 Conjurations
 + Level 5.2 Fire Magic


You had 6 spell levels left.
You knew the following spells:

 Your Spells              Type           Power        Failure   Level  Hunger
a - Flame Tongue          Conj/Fire      ###..        1%          1    None
b - Conjure Flame         Conj/Fire      ###.....     6%          3    ###....

Your spell library contained the following spells:

 Spells                   Type           Power        Failure   Level  Hunger
 Throw Flame              Conj/Fire      ###...       3%          2    ##.....
 Inner Flame              Hex/Fire       ##......     14%         3    ###....
 Sticky Flame             Conj/Fire      ###.....     19%         4    ####...
 Fireball                 Conj/Fire      ###.......   47%         5    ######.


Dungeon Overview and Level Annotations

Branches:
Dungeon (3/15)             Temple (0/1) D:6

Altars:
Elyvilon
Okawaru


Message History

As you read the scroll labeled NIBRUOQUHI, it crumbles to dust.
The creatures around you are filled with an inner flame!
It was a scroll of immolation.
The bullfrog misses you. The orc warrior misses you.
The orc priest hits you with a flail. The orc hits you but does no damage.
The bullfrog barely misses you. The bullfrog hits you!
* * * LOW HITPOINT WARNING * * *
Some of the chunks of flesh in your inventory have rotted away.
There is an open door here.
Casting: Flame Tongue (safe; 1% risk of failure)
Confirm with . or Enter, or press ? or * to list all spells.
Aiming: Flame Tongue (safe; 1% risk of failure)
Press: ? - help, Shift-Dir - straight line, f - orc
Aim: an orc, wielding a club (inner flame)
The flame tongue hits the orc.
The orc is heavily wounded.
The shadow imp shouts, "Bolt, thou pottle-deep common-kissing varlet!"
The bullfrog snags a nearby fly with its tongue.
The bullfrog hits you!
You die...

* *,,,,,,* ***,,,,,,*
+,+,,>,,,* ***,,,,,,*
,,,,*+**** ,**,*,*
######### ,**,*,*
#.......#
,**,*,**#?.....o#####
,**,*,,,+.....oo@..5#
,**,*,**#....o.F###.#
,,,,*,* #.......# *,*
,,***,* #.......# *,*
,,***,* #.......# *,*
,,*<*,* #.......# *,*
,,,,*,* #.......# *,*
,,,,*,* #.......# *,*
,,,,*,* ********* *,*


You could see an orc warrior (inner flame), a bullfrog (inner flame), an orc
priest (inner flame), a shadow imp (inner flame) and 2 orcs.

Vanquished Creatures
  An orc priest (D:3)
  A gnoll (D:3)
  7 adders
  A worm (D:2)
  3 dart slugs (D:1)
  3 leopard geckos (D:1)
  4 orcs (D:3)
  5 bats
  A giant cockroach (D:1)
  9 goblins
  10 hobgoblins
  4 jackals (D:1)
  A quokka (D:3)
  3 frilled lizards
  6 kobolds
  5 rats
64 creatures vanquished.

Notes
Turn   | Place    | Note
-------+----------+-------------------------------------------
     0 | D:1      | delarado the Deep Elf Fire Elementalist began the quest for
                  | the Orb.
     0 | D:1      | Reached XP level 1. HP: 10/10 MP: 6/6
   167 | D:1      | Reached XP level 2. HP: 15/15 MP: 5/8
   744 | D:1      | Reached skill level 4 in Fire Magic
   770 | D:1      | Reached XP level 3. HP: 19/19 MP: 7/9
  1523 | D:2      | Found a white marble altar of Elyvilon.
  1635 | D:2      | Reached XP level 4. HP: 24/24 MP: 5/10
  1646 | D:2      | Learned a level 3 spell: Conjure Flame
  2490 | D:3      | Found an iron altar of Okawaru.
  2498 | D:3      | Reached skill level 5 in Fire Magic
  2575 | D:3      | Reached XP level 5. HP: 28/28 MP: 7/11
  2871 | D:3      | You fall through a shaft for 3 floors!
  2876 | D:6      | Noticed an orc warrior
  2882 | D:6      | Slain by a bullfrog

Skill      XL: |  1  2  3  4  5 |
---------------+----------------+-----
Conjurations   | 2 3 4 |  4.1
Fire Magic     | 4 5 |  5.2
Dodging        | |  2.4
Stealth        | |  2.4
Spellcasting   | |  3.0

Action                   |  1- 3 |  4- 6 || total
-------------------------+-------+-------++-------
Melee: Dagger            |     7 |       ||     7
Throw: Stone             |     9 |    14 ||    23
       Tomahawk          |       |     3 ||     3
 Cast: Flame Tongue      |    65 |    48 ||   113
       Conjure Flame     |       |     1 ||     1
  Use: Scroll            |     3 |     4 ||     7
  Eat: Chunk             |     2 |     4 ||     6
Armor: Robe              |     5 |     1 ||     6
Dodge: Dodged            |    25 |    22 ||    47
